General information
- name: BNet
- type: Ladder team game (AT/RT)
- host: Battle.net
- saver: TeeIo
map: Cherryville
- players: 8
- length: 39:42
- speed: Fast
- version: 1.26 W3XP
- replay type: Public
» download(280 KB)
Players
team 1 (loser)
Lil_Scrappy (
orange | 28 APM | 1078 actions | 38:30)
7 Death Knight
3 Death Coil
3 Unholy Aura
1 Animate Dead
5 Crypt Lord
3 Impale
2 Spiked Carapace
» actions
| Assign group hotkey | 9 | |
| Build / train | 54 | |
| Enter build submenu | 18 | |
| Enter hero's abilities submenu | 12 | |
| Give item / drop item | 4 | |
| Right click | 669 | |
| Select / deselect | 244 | |
| Select group hotkey | 8 | |
| Use ability | 60 | |
1078 total
» units
| Acolyte | 5 | |
| Ghoul | 3 | |
| Crypt Fiend | 9 | |
| Frost Wyrm | 6 | |
23 total
» upgrades
| Creature Attack | 3 | |
| Creature Carapace | 3 | |
| Burrow | 1 | |
| Web | 1 | |
| Freezing Breath | 1 | |
9 total
» buildings
| Altar of Darkness | 1 | |
| Ziggurat | 7 | |
| Crypt | 2 | |
| Graveyard | 1 | |
| Halls of the Dead | 1 | |
| Nerubian Tower | 1 | |
| Spirit Tower | 1 | |
| Tomb of Relics | 1 | |
| Sacrificial Pit | 1 | |
| Black Citadel | 1 | |
| Boneyard | 3 | |
| Necropolis | 1 | |
21 total
» build order
00:08 Altar of Darkness
00:09 Ziggurat
00:38 Crypt
00:59 Graveyard
01:20 Crypt
01:43 Ziggurat
03:55 Ziggurat
05:34 Halls of the Dead
07:14 Ziggurat
08:46 Nerubian Tower
08:48 Spirit Tower
09:54 Tomb of Relics
10:01 Sacrificial Pit
10:05 Ziggurat
11:11 Black Citadel
12:17 Ziggurat
14:19 Boneyard
14:26 Boneyard
14:32 Boneyard
20:13 Ziggurat
24:40 Necropolis
» items
| Periapt of Vitality | 1 | |
| Scroll of Town Portal | 2 | |
| Potion of Healing | 1 | |
4 total
Transfuge (
yellow | 94 APM | 3729 actions | 39:41)
6 Archmage
3 Summon Water Elemental
2 Brilliance Aura
1 Mass Teleport
» actions
| Assign group hotkey | 462 | |
| Basic commands | 333 | |
| Build / train | 95 | |
| Enter build submenu | 50 | |
| Enter hero's abilities submenu | 6 | |
| Give item / drop item | 2 | |
| Remove unit from queue | 2 | |
| Right click | 1031 | |
| Select / deselect | 417 | |
| Select group hotkey | 1216 | |
| Use ability | 115 | |
3729 total
» units
| Peasant | 12 | |
| Footman | 5 | |
| Goblin Shredder | 7 | |
| Gryphon Rider | 13 | |
37 total
» upgrades
| Masonry | 3 | |
| Lumber Harvesting | 2 | |
| Storm Hammers | 1 | |
| Swords | 3 | |
| Animal War Training | 1 | |
| Armor | 3 | |
| Cloud | 1 | |
| Magic Sentry | 1 | |
15 total
» buildings
| Altar of Kings | 1 | |
| Barracks | 1 | |
| Farm | 8 | |
| Scout Tower | 30 | |
| Arcane Tower | 1 | |
| Keep | 3 | |
| Town Hall | 3 | |
| Arcane Vault | 1 | |
| Lumber Mill | 1 | |
| Guard Tower | 11 | |
| Castle | 1 | |
| Gryphon Aviary | 7 | |
| Blacksmith | 2 | |
| Arcane Sanctum | 1 | |
71 total
» build order
00:41 Altar of Kings
00:43 Barracks
00:58 Farm
01:05 Farm
01:08 Farm
01:13 Scout Tower
02:10 Arcane Tower
03:28 Keep
03:29 Keep
04:06 Town Hall
04:26 Arcane Vault
04:42 Lumber Mill
05:32 Scout Tower
05:33 Scout Tower
05:34 Scout Tower
05:58 Farm
06:34 Guard Tower
07:05 Castle
08:29 Scout Tower
08:30 Scout Tower
08:34 Scout Tower
09:17 Guard Tower
09:22 Gryphon Aviary
09:23 Gryphon Aviary
09:27 Gryphon Aviary
09:32 Gryphon Aviary
10:00 Farm
10:04 Farm
10:05 Farm
10:14 Blacksmith
10:25 Blacksmith
12:21 Scout Tower
12:22 Scout Tower
12:27 Scout Tower
12:29 Scout Tower
12:30 Scout Tower
12:31 Scout Tower
12:40 Town Hall
12:49 Scout Tower
12:49 Scout Tower
12:49 Scout Tower
12:50 Scout Tower
12:50 Scout Tower
12:51 Scout Tower
12:56 Guard Tower
12:58 Guard Tower
12:58 Guard Tower
13:20 Guard Tower
13:31 Guard Tower
13:51 Guard Tower
13:52 Guard Tower
14:26 Arcane Sanctum
16:08 Scout Tower
16:09 Scout Tower
17:14 Guard Tower
17:16 Scout Tower
17:16 Scout Tower
17:16 Scout Tower
17:18 Scout Tower
17:18 Scout Tower
17:19 Scout Tower
17:21 Scout Tower
17:21 Scout Tower
17:22 Scout Tower
18:55 Guard Tower
19:47 Gryphon Aviary
19:52 Gryphon Aviary
19:56 Gryphon Aviary
20:03 Farm
28:32 Town Hall
» items
| Scroll of Regeneration | 7 | |
| Potion of Healing | 3 | |
| Scroll of Town Portal | 4 | |
| Periapt of Vitality | 2 | |
| Staff of Teleportation | 1 | |
17 total

»
lmaoatrage (
blue | 152 APM | 4662 actions | 30:38)
5 Mountain King
3 Storm Bolt
2 Bash
4 Paladin
2 Holy Light
2 Divine Shield
3 Blood Mage
2 Banish
1 Siphon Mana
» actions
| Assign group hotkey | 51 | |
| Basic commands | 103 | |
| Build / train | 115 | |
| ESC pressed | 2 | |
| Enter build submenu | 38 | |
| Enter hero's abilities submenu | 12 | |
| Give item / drop item | 3 | |
| Right click | 1672 | |
| Select / deselect | 394 | |
| Select group hotkey | 2155 | |
| Use ability | 117 | |
4662 total
» units
| Peasant | 22 | |
| Footman | 9 | |
| Goblin Shredder | 1 | |
| Gryphon Rider | 10 | |
| Dragonhawk Rider | 1 | |
43 total
» upgrades
| Masonry | 2 | |
| Swords | 3 | |
| Armor | 3 | |
| Defend | 1 | |
| Storm Hammers | 1 | |
| Animal War Training | 1 | |
| Magic Sentry | 1 | |
| Cloud | 1 | |
13 total
» buildings
| Lumber Mill | 1 | |
| Farm | 13 | |
| Altar of Kings | 1 | |
| Barracks | 1 | |
| Scout Tower | 11 | |
| Arcane Tower | 6 | |
| Arcane Vault | 1 | |
| Town Hall | 1 | |
| Guard Tower | 3 | |
| Keep | 2 | |
| Blacksmith | 1 | |
| Castle | 2 | |
| Gryphon Aviary | 7 | |
| Arcane Sanctum | 1 | |
51 total
» build order
00:55 Lumber Mill
01:09 Farm
01:15 Altar of Kings
01:19 Farm
01:25 Barracks
01:55 Scout Tower
02:18 Farm
02:23 Arcane Tower
02:37 Farm
03:39 Arcane Vault
04:38 Town Hall
04:39 Scout Tower
04:41 Scout Tower
04:42 Scout Tower
04:44 Scout Tower
05:17 Arcane Tower
05:18 Guard Tower
06:22 Keep
06:22 Keep
06:37 Blacksmith
07:27 Farm
07:30 Farm
07:33 Farm
08:43 Castle
08:46 Gryphon Aviary
08:47 Gryphon Aviary
08:48 Gryphon Aviary
08:50 Gryphon Aviary
08:52 Gryphon Aviary
08:54 Gryphon Aviary
09:06 Gryphon Aviary
09:25 Farm
09:25 Farm
11:14 Scout Tower
11:15 Scout Tower
11:16 Scout Tower
11:17 Scout Tower
12:41 Farm
12:41 Farm
12:44 Guard Tower
14:31 Arcane Sanctum
14:38 Scout Tower
15:30 Arcane Tower
15:30 Arcane Tower
15:31 Guard Tower
19:10 Arcane Tower
21:24 Scout Tower
21:54 Arcane Tower
23:53 Farm
23:54 Farm
» items
| Scroll of Regeneration | 3 | |
| Lesser Clarity Potion | 1 | |
| Boots of Speed | 3 | |
| Staff of Teleportation | 2 | |
| Potion of Lesser Invulnerability | 1 | |
| Scroll of Town Portal | 1 | |
11 total
GeorValFad (
purple | 45 APM | 1752 actions | 38:49)
4 Death Knight
2 Death Coil
2 Unholy Aura
» actions
| Basic commands | 16 | |
| Build / train | 93 | |
| Enter build submenu | 28 | |
| Enter hero's abilities submenu | 4 | |
| Give item / drop item | 1 | |
| Right click | 1271 | |
| Select / deselect | 265 | |
| Use ability | 74 | |
1752 total
» units
| Acolyte | 19 | |
| Ghoul | 6 | |
| Crypt Fiend | 20 | |
| Frost Wyrm | 8 | |
53 total
» upgrades
| Creature Carapace | 3 | |
| Creature Attack | 3 | |
| Web | 1 | |
| Freezing Breath | 1 | |
8 total
» buildings
| Crypt | 2 | |
| Ziggurat | 13 | |
| Altar of Darkness | 1 | |
| Graveyard | 1 | |
| Tomb of Relics | 1 | |
| Spirit Tower | 8 | |
| Nerubian Tower | 4 | |
| Halls of the Dead | 1 | |
| Black Citadel | 1 | |
| Sacrificial Pit | 1 | |
| Boneyard | 3 | |
36 total
» build order
00:18 Crypt
00:26 Crypt
00:40 Ziggurat
01:02 Altar of Darkness
01:29 Graveyard
01:43 Ziggurat
02:13 Tomb of Relics
03:47 Ziggurat
10:30 Ziggurat
10:32 Spirit Tower
10:33 Spirit Tower
10:35 Nerubian Tower
10:43 Ziggurat
10:48 Ziggurat
12:00 Nerubian Tower
12:02 Spirit Tower
12:09 Ziggurat
12:16 Ziggurat
12:19 Ziggurat
12:23 Ziggurat
12:46 Ziggurat
12:52 Ziggurat
13:13 Spirit Tower
13:15 Nerubian Tower
13:30 Spirit Tower
13:32 Nerubian Tower
13:45 Spirit Tower
14:00 Ziggurat
14:05 Spirit Tower
14:27 Halls of the Dead
15:18 Spirit Tower
17:11 Black Citadel
17:14 Sacrificial Pit
19:40 Boneyard
19:50 Boneyard
20:18 Boneyard
» items
| Rod of Necromancy | 1 | |
| Potion of Lesser Invulnerability | 3 | |
| Scroll of Healing | 1 | |
| Potion of Healing | 4 | |
| Scroll of Town Portal | 3 | |
| Orb of Corruption | 1 | |
13 total
team 2 (winner)

»
thrillaofmanila (
red | 50 APM | 897 actions | 17:57)
3 Far Seer
2 Feral Spirit
1 Chain Lighting
1 Dark Ranger
1 Black Arrow
» actions
| Assign group hotkey | 18 | |
| Basic commands | 1 | |
| Build / train | 40 | |
| ESC pressed | 4 | |
| Enter build submenu | 24 | |
| Enter hero's abilities submenu | 5 | |
| Remove unit from queue | 2 | |
| Right click | 346 | |
| Select / deselect | 190 | |
| Select group hotkey | 209 | |
| Use ability | 58 | |
897 total
» units
| Peon | 8 | |
| Grunt | 6 | |
| Troll Headhunter/Berserker | 4 | |
18 total
» upgrades
| Ranged Weapons | 2 | |
| Armor | 1 | |
| Spiked Barricades | 0 | |
| Melee Weapons | 1 | |
| Troll Regeneration | 1 | |
| Pillage | 1 | |
6 total
» buildings
| Altar of Storms | 1 | |
| Orc Burrow | 9 | |
| Barracks | 2 | |
| War Mill | 1 | |
| Voodoo Lounge | 1 | |
| Stronghold | 1 | |
| Watch Tower | 6 | |
| Great Hall | 1 | |
| Fortress | 1 | |
23 total
» build order
00:24 Altar of Storms
00:27 Orc Burrow
00:57 Barracks
01:38 Orc Burrow
02:19 War Mill
03:29 Orc Burrow
04:10 Voodoo Lounge
05:30 Stronghold
05:36 Watch Tower
06:00 Orc Burrow
07:08 Barracks
07:22 Great Hall
08:29 Watch Tower
10:14 Watch Tower
10:36 Watch Tower
10:40 Fortress
12:40 Watch Tower
13:22 Orc Burrow
14:36 Orc Burrow
14:39 Watch Tower
16:01 Orc Burrow
16:03 Orc Burrow
16:07 Orc Burrow
» items
| Healing Salve | 2 | |
| Lesser Clarity Potion | 1 | |
| Scroll of Town Portal | 3 | |
6 total
TeeIo (
pink | 75 APM | 2986 actions | 39:42)
6 Blood Mage
3 Flame Strike
2 Siphon Mana
1 Summon Phoenix
4 Lich
1 Frost Nova
2 Frost Armor
1 Death and Decay
» actions
| Assign group hotkey | 45 | |
| Basic commands | 64 | |
| Build / train | 159 | |
| ESC pressed | 6 | |
| Enter build submenu | 60 | |
| Enter hero's abilities submenu | 10 | |
| Give item / drop item | 7 | |
| Remove unit from queue | 1 | |
| Right click | 1347 | |
| Select / deselect | 542 | |
| Select group hotkey | 564 | |
| Use ability | 181 | |
2986 total
» units
| Peasant | 40 | |
| Footman | 14 | |
| Sorceress | 2 | |
| Goblin Shredder | 5 | |
| Dragonhawk Rider | 4 | |
| Gryphon Rider | 3 | |
| Kobold | 1 | |
| Murloc Huntsman | 1 | |
| Assassin | 1 | |
| Kobold Geomancer | 1 | |
72 total
» upgrades
| Masonry | 3 | |
| Defend | 1 | |
| Swords | 3 | |
| Lumber Harvesting | 2 | |
| Armor | 3 | |
| Sorceress Training | 1 | |
| Magic Sentry | 1 | |
| Cloud | 1 | |
| Animal War Training | 1 | |
| Creature Carapace | 1 | |
| Ghoul Frenzy | 1 | |
| Spiked Barricades | 1 | |
19 total
» buildings
| Altar of Kings | 1 | |
| Barracks | 1 | |
| Farm | 13 | |
| Arcane Vault | 2 | |
| Town Hall | 2 | |
| Scout Tower | 14 | |
| Lumber Mill | 2 | |
| Arcane Tower | 7 | |
| Guard Tower | 17 | |
| Keep | 4 | |
| Blacksmith | 2 | |
| Castle | 2 | |
| Arcane Sanctum | 1 | |
| Gryphon Aviary | 5 | |
| Spirit Tower | 2 | |
| Altar of Darkness | 1 | |
| Boneyard | 3 | |
| Halls of the Dead | 2 | |
| Great Hall | 1 | |
82 total
» build order
00:03 Altar of Kings
00:07 Barracks
00:11 Farm
00:58 Farm
02:00 Farm
02:38 Arcane Vault
03:37 Town Hall
03:40 Scout Tower
03:41 Scout Tower
03:47 Lumber Mill
04:10 Arcane Tower
04:10 Arcane Tower
04:11 Arcane Tower
04:11 Arcane Tower
04:25 Farm
04:59 Guard Tower
05:01 Scout Tower
05:05 Scout Tower
05:07 Scout Tower
05:34 Guard Tower
05:35 Guard Tower
05:36 Guard Tower
05:58 Keep
07:05 Blacksmith
07:09 Scout Tower
07:21 Scout Tower
07:22 Scout Tower
07:25 Scout Tower
07:29 Scout Tower
07:34 Scout Tower
07:47 Arcane Tower
07:50 Guard Tower
07:51 Guard Tower
07:52 Guard Tower
07:55 Guard Tower
07:56 Guard Tower
08:01 Guard Tower
08:01 Guard Tower
08:07 Scout Tower
08:52 Castle
08:52 Castle
08:53 Guard Tower
09:40 Arcane Sanctum
09:43 Gryphon Aviary
09:46 Gryphon Aviary
10:15 Farm
10:19 Farm
10:44 Scout Tower
10:47 Farm
10:48 Scout Tower
12:03 Farm
12:10 Guard Tower
14:13 Gryphon Aviary
14:18 Gryphon Aviary
20:05 Gryphon Aviary
20:32 Lumber Mill
21:29 Arcane Vault
21:43 Spirit Tower
21:43 Spirit Tower
22:31 Farm
22:33 Farm
22:34 Farm
22:38 Farm
22:40 Farm
22:54 Altar of Darkness
22:56 Boneyard
22:57 Boneyard
22:58 Boneyard
23:01 Halls of the Dead
23:41 Keep
23:41 Keep
23:44 Blacksmith
26:00 Town Hall
30:03 Great Hall
» items
| Scroll of Regeneration | 3 | |
| Boots of Speed | 1 | |
| Staff of Teleportation | 1 | |
| Potion of Invisibility | 4 | |
| Lesser Clarity Potion | 6 | |
| Healing Salve | 2 | |
| Scroll of Town Portal | 2 | |
| Potion of Lesser Invulnerability | 1 | |
20 total
INDIANIA-COLTS (
teal | 70 APM | 2765 actions | 39:42)
6 Blademaster
3 Wind Walk
2 Critical Strike
1 Bladestorm
5 Shadow Hunter
2 Hex
3 Healing Wave
1 Lich
1 Frost Nova
» actions
| Assign group hotkey | 72 | |
| Basic commands | 2 | |
| Build / train | 118 | |
| Enter build submenu | 17 | |
| Enter hero's abilities submenu | 12 | |
| Give item / drop item | 4 | |
| Right click | 1000 | |
| Select / deselect | 346 | |
| Select group hotkey | 823 | |
| Use ability | 371 | |
2765 total
» units
| Peon | 10 | |
| Goblin Shredder | 8 | |
| Wind Rider | 1 | |
| Troll Batrider | 35 | |
| Frost Wyrm | 9 | |
63 total
» upgrades
| Reinforced Defenses | 1 | |
| Ranged Weapons | 4 | |
| Liquid Fire | 1 | |
| Envenomed Spears | 1 | |
| Armor | 2 | |
9 total
» buildings
| Orc Burrow | 7 | |
| Altar of Storms | 1 | |
| War Mill | 1 | |
| Stronghold | 5 | |
| Watch Tower | 28 | |
| Voodoo Lounge | 2 | |
| Fortress | 3 | |
| Beastiary | 4 | |
| Great Hall | 1 | |
52 total
» build order
00:13 Orc Burrow
00:37 Altar of Storms
01:23 War Mill
02:05 Stronghold
02:05 Stronghold
02:05 Stronghold
02:56 Watch Tower
02:57 Watch Tower
02:59 Watch Tower
03:00 Watch Tower
04:18 Voodoo Lounge
04:22 Orc Burrow
06:09 Fortress
06:09 Fortress
07:05 Watch Tower
07:06 Watch Tower
07:06 Watch Tower
07:07 Watch Tower
07:08 Watch Tower
07:09 Watch Tower
07:11 Watch Tower
07:11 Watch Tower
07:12 Watch Tower
07:12 Watch Tower
10:01 Beastiary
10:01 Beastiary
10:01 Beastiary
11:00 Great Hall
11:02 Watch Tower
11:02 Watch Tower
11:03 Watch Tower
11:04 Watch Tower
11:04 Watch Tower
11:04 Watch Tower
11:06 Watch Tower
12:34 Watch Tower
12:35 Watch Tower
12:37 Watch Tower
13:26 Watch Tower
13:27 Watch Tower
14:24 Orc Burrow
15:34 Orc Burrow
15:34 Orc Burrow
15:35 Orc Burrow
22:33 Watch Tower
22:33 Watch Tower
25:21 Voodoo Lounge
25:43 Beastiary
» items
| Boots of Speed | 1 | |
| Staff of Teleportation | 1 | |
| Healing Salve | 4 | |
| Lesser Clarity Potion | 1 | |
| Potion of Lesser Invulnerability | 1 | |
| Scroll of Town Portal | 6 | |
| Orb of Lightning | 2 | |
16 total
chenzeivan (
green | 73 APM | 1325 actions | 18:02)
3 Death Knight
2 Death Coil
1 Unholy Aura
2 Lich
1 Frost Nova
1 Frost Armor
1 Crypt Lord
1 Impale
» actions
| Assign group hotkey | 29 | |
| Basic commands | 68 | |
| Build / train | 61 | |
| Enter build submenu | 24 | |
| Enter hero's abilities submenu | 6 | |
| Remove unit from queue | 3 | |
| Right click | 403 | |
| Select / deselect | 312 | |
| Select group hotkey | 357 | |
| Use ability | 62 | |
1325 total
» units
| Acolyte | 7 | |
| Ghoul | 4 | |
| Crypt Fiend | 8 | |
| Obsidian Statue | 2 | |
| Goblin Shredder | 1 | |
| Abomination | 1 | |
| Frost Wyrm | 4 | |
27 total
» upgrades
| Web | 2 | |
| Creature Attack | 2 | |
| Creature Carapace | 1 | |
5 total
» buildings
| Ziggurat | 8 | |
| Crypt | 1 | |
| Altar of Darkness | 1 | |
| Tomb of Relics | 1 | |
| Graveyard | 1 | |
| Necropolis | 1 | |
| Halls of the Dead | 1 | |
| Spirit Tower | 4 | |
| Nerubian Tower | 2 | |
| Slaughterhouse | 1 | |
| Sacrificial Pit | 2 | |
| Black Citadel | 1 | |
| Boneyard | 2 | |
26 total
» build order
00:11 Ziggurat
00:14 Crypt
00:40 Altar of Darkness
01:16 Ziggurat
01:23 Tomb of Relics
02:03 Graveyard
04:45 Necropolis
04:58 Halls of the Dead
06:09 Ziggurat
06:10 Ziggurat
06:11 Ziggurat
07:00 Spirit Tower
07:01 Nerubian Tower
07:04 Spirit Tower
07:35 Ziggurat
08:23 Spirit Tower
08:41 Nerubian Tower
09:13 Slaughterhouse
09:28 Sacrificial Pit
09:58 Black Citadel
10:10 Spirit Tower
12:25 Sacrificial Pit
14:18 Boneyard
14:20 Boneyard
14:24 Ziggurat
14:28 Ziggurat
» items
| Rod of Necromancy | 1 | |
| Sacrificial Skull | 1 | |
| Scroll of Regeneration | 1 | |
| Scroll of Town Portal | 2 | |
| Potion of Healing | 2 | |
| Potion of Mana | 1 | |
| Orb of Corruption | 1 | |
9 total
Chat log
(00:13 / 6) Transfuge: I think teelo is red
(00:15 / Allies) chenzeivan: gold plz
(00:24 / 6) Transfuge: I'm bottom outside
(00:28 / All) INDIANIA-COLTS: SHAME SHAME KNOW YOUR NAME
(00:28 / Allies) chenzeivan: greedisgood
(00:30 / All) INDIANIA-COLTS: WHAT QUOTE IS THIS FROM
(00:32 / 5) TeeIo: yeah he is suspicious, his name and Random
(00:41 / All) lmaoatrage: the outsiders
(00:43 / All) Lil_Scrappy: that one thing
(00:45 / All) INDIANIA-COLTS: THE GOONIES
(00:47 / All) Lil_Scrappy: i dont care about
(00:53 / 6) Transfuge: I deliberately lied
(00:58 / All) INDIANIA-COLTS: ornage shut up you nigger
(01:05 / Allies) TeeIo: Hello Teelo
(01:08 / All) Lil_Scrappy: haha
(01:08 / All) INDIANIA-COLTS: i slap you so hard you go cry to obama the health care man
(01:11 / Allies) chenzeivan: what
(01:25 / All) Lil_Scrappy: your so funny
(01:28 / Allies) TeeIo: Red is a backstabber.
(01:30 / All) Lil_Scrappy: wish i could be that funny
(01:32 / Allies) TeeIo: http://i.imgur.com/eDtLl.jpg
(01:35 / All) lmaoatrage: you don't
(01:40 / All) lmaoatrage: I can tell you're lying
(01:43 / 6) Transfuge: what is red doing saying
(01:44 / Allies) chenzeivan: quit lets quit
(01:48 / Allies) INDIANIA-COLTS: stay green
(01:49 / Allies) INDIANIA-COLTS: god dammit
(01:53 / Allies) INDIANIA-COLTS: we're gonna own them
(01:54 / Allies) INDIANIA-COLTS: they suck
(01:55 / All) Lil_Scrappy: howd you know?
(01:56 / 5) TeeIo: I have pointed out "hi teelo " "he is a backstabber" he said nothing
(02:02 / All) lmaoatrage: my mom told me I was gifted
(02:03 / All) Lil_Scrappy: was it my face?
(02:04 / All) thrillaofmanila: 8================================D---
(02:06 / All) thrillaofmanila: skeet skeet
(02:08 / Allies) chenzeivan: we gona die
(02:14 / 5) TeeIo: definitely him, should I militia tp? he is orc
(02:16 / All) INDIANIA-COLTS: REFLEKS
(02:26 / Allies) thrillaofmanila: im really good
(02:28 / 6) Transfuge: no
(02:33 / Allies) TeeIo: You're Teelo, we raped you repeatedly
(02:36 / All) INDIANIA-COLTS: OK NEXT UP, FRY
(02:37 / All) INDIANIA-COLTS: FRY
(02:39 / All) INDIANIA-COLTS: FRY
(02:43 / 6) Transfuge: tell me his movements and tell me when red and jake expand
(02:44 / All) INDIANIA-COLTS: BUELER
(02:46 / All) INDIANIA-COLTS: BUELER
(02:54 / Allies) thrillaofmanila: whos teelo?
(03:04 / All) Lil_Scrappy: wut that from?
(03:09 / All) Lil_Scrappy: O.o
(03:25 / All) Lil_Scrappy: is it that one niggers day off?
(03:34 / All) INDIANIA-COLTS: yes
(03:36 / All) INDIANIA-COLTS: FERRIS MANG
(04:16 / 6) Transfuge: stats blue
(04:17 / 5) TeeIo: red creeping river expo I think
(04:33 / 6) Transfuge: blue gonna take mid expo
(04:42 / 5) TeeIo: red river expo
(04:43 / All) thrillaofmanila: i perfected masterbating and playing warcraft
(04:50 / All) Lil_Scrappy: nice
(04:53 / All) INDIANIA-COLTS: so have i, done it for 7 years
(04:56 / All) lmaoatrage: nothing to perfect
(05:02 / 6) Transfuge: red is bottom?
(05:05 / All) lmaoatrage: came naturally to me
(05:20 / Allies) chenzeivan: damn teal
(05:24 / Allies) chenzeivan: u gona kill me wood latder1
(05:44 / Allies) chenzeivan: lets hitand run
(05:50 / Allies) chenzeivan: teal
(05:51 / 5) TeeIo: no jake expo yet
(05:53 / Allies) chenzeivan: buy me a heal
(06:12 / 6) Transfuge: blue is teelo if he's level 1
(06:14 / All) INDIANIA-COLTS: um
(06:16 / All) INDIANIA-COLTS: hmm
(06:18 / All) INDIANIA-COLTS: ok
(06:20 / All) INDIANIA-COLTS: here we go
(06:21 / Allies) chenzeivan: lets go
(06:23 / Allies) chenzeivan: hit and run
(06:27 / All) INDIANIA-COLTS: what movie is this quote from:
(06:28 / 5) TeeIo: red creeping bot left maybe expo there
(06:31 / All) INDIANIA-COLTS: "honey i shrunk the kids"
(06:42 / 6) Transfuge: hit blue the back base
(06:46 / 6) Transfuge: are you blood mage?
(06:48 / Allies) chenzeivan: get out
(06:49 / Allies) chenzeivan: get out
(06:51 / 6) Transfuge: harass the fuck outta blue
(07:09 / Allies) chenzeivan: help?
(07:18 / Allies) chenzeivan: alot fiends
(07:40 / 5) TeeIo: red expo bot left
(07:42 / 5) TeeIo: green expo top left
(07:44 / 5) TeeIo: green is ud
(07:56 / Allies) chenzeivan: help
(07:57 / Allies) chenzeivan: tp
(07:58 / Allies) chenzeivan: or gg
(08:02 / Allies) INDIANIA-COLTS: no its not
(08:04 / Allies) INDIANIA-COLTS: let ur epxo die
(08:07 / 6) Transfuge: blue gave me 500 lumber after I asked buth e's suspicious
(08:25 / Allies) chenzeivan: tp
(08:26 / Allies) chenzeivan: npw
(08:39 / Allies) chenzeivan: gg
(08:45 / Allies) INDIANIA-COLTS: quit whining wow
(08:58 / 6) Transfuge: do you have bm and level 3?
(09:03 / Allies) chenzeivan: too late
(09:08 / Allies) INDIANIA-COLTS: no it snot
(09:09 / Allies) INDIANIA-COLTS: u got it
(09:52 / Allies) chenzeivan: here
(09:53 / Allies) chenzeivan: red
(09:55 / Allies) chenzeivan: buy tp
(11:09 / 6) Transfuge: blue needs hit
(11:13 / Allies) chenzeivan: tanks?
(11:15 / 6) Transfuge: he doesn't have reveal on his towers
(11:33 / 5) TeeIo: where is his expo?
(11:38 / 6) Transfuge: middle oru side
(11:44 / 5) TeeIo: kk be there in a sec
(11:57 / 6) Transfuge: hit his main too it's relatively unprotected
(12:06 / 6) Transfuge: he's starting to tower it now hit that one first
(12:08 / 6) Transfuge: then the expo
(12:35 / 5) TeeIo: should I fully hit as in try to kill it?
(13:05 / 6) Transfuge: just kill athe peons
(13:07 / 6) Transfuge: if you can kill it do so
(13:44 / Allies) chenzeivan: attack
(14:29 / Allies) thrillaofmanila: teal gold please
(15:03 / Allies) chenzeivan: get out
(15:56 / Allies) TeeIo: tp
(16:09 / Allies) TeeIo: tp
(16:09 / Allies) chenzeivan: gg
(16:15 / Allies) chenzeivan: teal going to help u
(16:17 / Allies) INDIANIA-COLTS: tp
(16:33 / Allies) chenzeivan: pink have shit
(16:34 / Allies) thrillaofmanila: teal go
(16:34 / Allies) chenzeivan: but gold
(16:40 / Allies) TeeIo: tp
(16:55 / 6) Transfuge: didn't see them
(17:53 / 6) Transfuge: purple and blue both have expos
(18:26 / 6) Transfuge: blue is suspicious
(18:45 / 6) Transfuge: trying to get level 6
(18:46 / All) Lil_Scrappy: babe im gonna leave youuuu
(19:37 / All) INDIANIA-COLTS: u guys are ognna get raped
(19:39 / All) INDIANIA-COLTS: u know it i know it
(19:53 / 5) TeeIo: help
(21:02 / 6) Transfuge: take over one of your teammates that left
(24:23 / All) Transfuge: blue is a fag
(24:25 / All) Transfuge: |
(24:31 / All) TeeIo: He is a Teelo.
(24:52 / All) Transfuge: blue is bser guys
(24:58 / All) TeeIo: kill him then
(25:43 / All) Transfuge: blue stole my item then attacked my birds
(25:46 / All) Transfuge: and hero
(25:53 / All) Transfuge: watch out orange
(25:56 / All) Transfuge: WATCH OUT ORAJGE
(26:06 / All) Lil_Scrappy: its k
(26:31 / All) TeeIo: Bye, Teelo. :(
(26:57 / 5) TeeIo: my expo
(27:31 / 5) TeeIo: my expo idiot
(28:08 / 5) TeeIo: or just let it die I guess
(28:10 / 5) TeeIo: I have nothing now
(28:19 / 6) Transfuge: let me get his hero then I focus on orange
(28:27 / 5) TeeIo: it doesn't matter I can't rebuild now
(28:31 / 5) TeeIo: you always do this
(28:47 / 5) TeeIo: if that really is teelo now he has his satisfaction because you always let me die
(29:16 / All) INDIANIA-COLTS: LEAVE god quit dragging this out
(29:18 / All) Transfuge: orange is a bser
(29:20 / All) Transfuge: kill him
(29:28 / All) Lil_Scrappy: stop
(29:39 / All) Lil_Scrappy: wtf asshole
(29:49 / All) Transfuge: you looked at my sister funny
(29:58 / All) Lil_Scrappy: your gonna lose this
(30:03 / All) Lil_Scrappy: you prick
(30:05 / All) Transfuge: shut up pervert
(30:15 / All) Lil_Scrappy: gg
(30:19 / All) Lil_Scrappy: yellow killing me
(30:20 / All) TeeIo: You can leave now.
(30:26 / All) INDIANIA-COLTS: WE DONT CARE
(30:27 / All) INDIANIA-COLTS: LEAVE
(30:28 / All) INDIANIA-COLTS: IDIOTS
(30:38 / 6) Transfuge: he wasn't teelo jsut suspicious
(30:45 / 6) Transfuge: it might have been teelo but I don't know
(30:50 / 6) Transfuge: he did nothing to reveal himself other than play like teelo
(31:18 / All) Lil_Scrappy: yellow
(31:23 / All) Lil_Scrappy: why ruin the game
(31:26 / All) Lil_Scrappy: we had this
(31:27 / All) INDIANIA-COLTS: orange just leave quit wasting our time
(31:27 / All) Transfuge: you rang?|
(31:36 / All) Transfuge: don't look at people funny next time, weirdo
(31:39 / All) Lil_Scrappy: fuck you teal
(31:40 / All) INDIANIA-COLTS: notice how i said "OUR " TIME
(32:46 / All) INDIANIA-COLTS: u mean teelo?
(32:49 / 6) Transfuge: yeah and jake
(32:58 / All) TeeIo: yeah we were talking in private discussing if it was teelo or not
(33:55 / All) Lil_Scrappy: cant believe this shit
(33:55 / 6) Transfuge: oops
(34:00 / All) TeeIo: OUT
(34:12 / All) Lil_Scrappy: only reason you are gonna win cause we got major tked
(34:19 / All) TeeIo: He was in on this all along as were we.
(34:21 / All) Lil_Scrappy: your all noobs
(34:23 / All) TeeIo: You are just another victim.
(35:16 / All) INDIANIA-COLTS: guess
(35:17 / All) Lil_Scrappy: what a joke
(35:19 / All) INDIANIA-COLTS: we havent
(35:24 / All) INDIANIA-COLTS: orange me and pink raped u
(35:26 / All) INDIANIA-COLTS: u suck
(35:28 / All) INDIANIA-COLTS: so much
(35:32 / All) Lil_Scrappy: lols
(35:39 / All) Transfuge: gg noob allies
(35:42 / All) TeeIo: You are a 30% player and always will be a 30% player, orange
(35:47 / All) Transfuge: I hate blizzard's matching system
(35:48 / All) TeeIo: You are 47-51 that is awful
(35:54 / All) Transfuge: I always get stuck with the super noobies like orange
(36:12 / All) Lil_Scrappy: you guys all blow
(36:15 / All) INDIANIA-COLTS: oh and ladder is getting un-reset orange, ur mediocre record will be reverted back to ur previous mediocre record
(36:17 / All) TeeIo: We raped you 2v4.
(36:51 / All) Lil_Scrappy: yellow why play
(36:56 / All) Lil_Scrappy: if your just gonna tk
(37:02 / All) Lil_Scrappy: you fucking prick
(37:08 / All) INDIANIA-COLTS: orange shut up u nigger
(37:10 / All) INDIANIA-COLTS: do u not understand
(37:13 / All) INDIANIA-COLTS: what happened this game
(37:13 / All) Transfuge: stfu and stop telling me what to do fascist
(37:15 / All) INDIANIA-COLTS: u fool
(37:31 / All) INDIANIA-COLTS: me, pink, and orange are roommates, you have been hoaxed, orange
(37:41 / All) INDIANIA-COLTS: for future reference, orange, we are the "mexican standoff" guys. remember this
(37:43 / All) Lil_Scrappy: yeah im your roomate?
(37:44 / All) INDIANIA-COLTS: you would do well
(37:51 / All) Lil_Scrappy: dumbass
(38:08 / All) Lil_Scrappy: you guys are gay
(38:12 / All) Lil_Scrappy: ruin this for everyone
(38:14 / All) TeeIo: =)
(38:14 / All) Transfuge: your mom is gay
(38:17 / All) Transfuge: you got 2 of them
(38:18 / All) Lil_Scrappy: yep
(38:22 / All) Lil_Scrappy: fuck you all
(38:26 / All) TeeIo: (=
(38:26 / All) Lil_Scrappy: get something else to do
(38:29 / All) TeeIo: =)
(38:42 / All) TeeIo: You can leave now purple